 Dungeon Crawl Stone Soup version 0.29-a0-892-g2c4c91d9db (webtiles) character file.

Game seed: 13354068993920056513

43 jimonade the Shooter (level 3, -1/28 HPs)
             Began as a Formicid Hunter on July 23, 2022.
             Slain by Terence
             ... wielding a +0 flail
              (8 damage)
             ... on level 2 of the Dungeon.
             The game lasted 00:02:51 (1135 turns).

jimonade the Shooter (Formicid Hunter)              Turns: 1135, Time: 00:02:52

Health: -1/28      AC:  7    Str: 15    XL:     3   Next: 82%
Magic:  3/3        EV: 10    Int: 10    God:
Gold:   110        SH:  8    Dex: 17    Spells: 2/2 levels left

rFire   . . .      SeeInvis +   a - +0 shortbow
rCold   . . .      Faith    .   l - +0 kite shield
rNeg    . . .      Spirit   .   c - +0 leather armour
rPois   .          Reflect  .   (helmet unavailable)
rElec   .          Harm     .   (no cloak)
rCorr   .          Rampage  .   (no gloves)
Will    .....                   (no boots)
Stlth   ++........              (no amulet)
HPRegen 0.09/turn               o - +4 ring of protection
MPRegen 0.08/turn               (no ring)

@: no status effects
A: permanent stasis, dig shafts and tunnels, antennae 3, four strong arms
a: Dig, Shaft Self


You were on level 2 of the Dungeon.
You visited 1 branch of the dungeon, and saw 2 of its levels.

You collected 110 gold pieces.

Inventory:

Hand Weapons
 a - a +0 shortbow (weapon)
 f - a +0 long sword
Armour
 c - a +0 leather armour (worn)
 j - a +0 ring mail
 l - a +0 kite shield (worn)
 n - a scarf of shadows
 r - the +0 robe of the Fisher {rCorr}
   (You found it on level 2 of the Dungeon)

   rCorr:     It protects you from acid and corrosion.
Jewellery
 o - a +4 ring of protection (left hand)
Scrolls
 b - a scroll of immolation
 d - a scroll of enchant weapon {unknown}
 i - a scroll of identify {unknown}
 k - 2 scrolls of teleportation {unknown}
Potions
 e - 3 potions of might {unknown}
 g - a potion of mutation {unknown}
 h - 2 potions of lignification {unknown}
 m - a potion of berserk rage {unknown}
 p - 2 potions of curing {unknown}
 q - a potion of heal wounds {unknown}


   Skills:
 * Level 2.6 Fighting
 + Level 4.5 Ranged Weapons
 + Level 1.4 Armour
 + Level 1.7 Dodging
 * Level 1.7 Stealth
 + Level 0.4 Shields


You had 2 spell levels left.
You didn't know any spells.
Your spell library was empty.

Dungeon Overview and Level Annotations

Branches:
Dungeon (2/15)

Altars:

Annotations:
D:2 Terence


Innate Abilities, Weirdness & Mutations

You cannot be hasted, slowed, berserked, paralysed or teleported.
You can dig through walls and to a lower floor.
You have a pair of large antennae on your head. (SInv)
Your four strong arms can wield two-handed weapons with a shield.


Message History

The quokka barely misses you. Terence hits you but does no damage.
You block the quokka's attack.
Fire: a) +0 shortbow
Press: ? - help, Q - select action, (/) - cycle Shift-Dir - straight line, f/p - Terence
Aim: Terence, wielding a +0 flail and wearing a +0 scale mail (heavily wounded, 66% to hit)
You shoot an arrow.
The arrow hits Terence but does no damage.
Terence is heavily wounded.
The quokka barely misses you. You block Terence's attack.
The quokka twitches its whiskers.
The quokka bites you but does no damage.
Fire: a) +0 shortbow
Press: ? - help, Q - select action, (/) - cycle Shift-Dir - straight line, f/p - Terence
Aim: Terence, wielding a +0 flail and wearing a +0 scale mail (heavily wounded, 66% to hit)
You shoot an arrow. The arrow barely misses Terence.
You block Terence's attack. You block the quokka's attack.
You block Terence's attack.
Fire: a) +0 shortbow
Press: ? - help, Q - select action, (/) - cycle Shift-Dir - straight line, f/p - Terence
Aim: Terence, wielding a +0 flail and wearing a +0 scale mail (heavily wounded, 66% to hit)
You shoot an arrow.
The arrow hits Terence but does no damage.
Terence is heavily wounded.
You block the quokka's attack. Terence closely misses you.
The quokka bites you.
Fire: a) +0 shortbow
Press: ? - help, Q - select action, (/) - cycle Shift-Dir - straight line, f/p - Terence
Aim: Terence, wielding a +0 flail and wearing a +0 scale mail (heavily wounded, 66% to hit)
You shoot an arrow. The arrow hits Terence.
Terence is severely wounded.
You block Terence's attack. You block the quokka's attack.
The quokka bites you.
* * * LOW HITPOINT WARNING * * *
Terence barely misses you.
Fire: a) +0 shortbow
Press: ? - help, Q - select action, (/) - cycle Shift-Dir - straight line, f/p - Terence
Aim: Terence, wielding a +0 flail and wearing a +0 scale mail (severely wounded, 66% to hit)
You shoot an arrow. The arrow barely misses Terence.
You block the quokka's attack. Terence hits you with a +0 flail!
You die...

...........#.#.##........#
...................##########
#............#......# #....
........###.........### #....
....###..##............##....
...........#......###..##....
....###..#.#........#........
.. ..##......†....<.>...#....
#.......@@....#.####.#....
........r............#....
..........................
..........).....[.(.......
>...................#####.
....)...#.#.........#####.
.[......#.#...........##..
..........##.....####.)...
.......#...##..#.#######..


You could see Terence and a quokka.

Vanquished Creatures
  2 adders
  A dart slug (D:2)
  3 endoplasms
  3 goblins
  5 hobgoblins
  2 kobolds
  A ball python (D:1)
  A frilled lizard (D:2)
  3 rats
21 creatures vanquished.

Vanquished Creatures (others)
  A ball python (D:2)
  2 plants (D:1)
  2 withered plants (D:1)
5 creatures vanquished.

Grand Total: 26 creatures vanquished

Notes
Turn   | Place    | Note
-------+----------+-------------------------------------------
     0 | D:1      | jimonade the Formicid Hunter began the quest for the Orb.
     0 | D:1      | Reached XP level 1. HP: 16/16 MP: 1/1
   384 | D:1      | Reached XP level 2. HP: 22/22 MP: 2/2
   545 | D:1      | Found a faded altar of an unknown god.
   902 | D:2      | Reached skill level 1 in Armour
   902 | D:2      | Reached XP level 3. HP: 21/27 MP: 3/3
  1050 | D:2      | Identified the +0 robe of the Fisher {rCorr}
  1120 | D:2      | Noticed Terence
  1135 | D:2      | Slain by Terence

Illustrated notes

Levels and vault maps discovered:
D:1:      noname_arrival_rooms_in_the_neighbourhood, layout_loops_cross,
          shapermc_ecumenical_altar_flowoftime, kennysheep_boxes
D:2:      layout_rooms, uniq_terence

Skill      XL: |  1  2 |
---------------+-------+-----
Armour         | 1 |  1.4
Fighting       | |  2.6
Ranged Weapons | |  4.5
Dodging        | |  1.7
Stealth        | |  1.7
Shields        | |  0.4

Action                   || total
-------------------------++-------
 Fire: Shortbow          ||    96
Armor: Leather armour    ||    16
Dodge: Dodged            ||    25
Block: Kite shield       ||    23

Table legend: (Time is in decaauts)
 A = Elapsed time spent in this place.
 B = Non-inter-level travel time spent in this place.
 C = Inter-level travel time spent in this place.
 D = Time resting spent in this place.
 E = Time spent auto-exploring this place.
 F = Levels seen in this place.
 G = Mean time per level.
                   A        B        C        D        E       F      G
               +--------+--------+--------+--------+--------+-----+--------+
         Total |   1176 |   1167 |      9 |      0 |    860 |   2 |  588.0 |
       Dungeon |   1176 |   1167 |      9 |      0 |    860 |   2 |  588.0 |
               +--------+--------+--------+--------+--------+-----+--------+

Top non-repeatable levels by time:
     D:1: 875 daAuts
     D:2: 300 daAuts
